 Dungeon Crawl Stone Soup version 0.23.2-40-g277498a (webtiles) character file.

Game seed: 3639125204179644990

67 Fang the Skirmisher (level 4, -3/29 HPs)
             Began as a Gargoyle Berserker on Sept 6, 2019.
             Was a Believer of Trog.
             Killed from afar by Sigmund (6 damage)
             ... with a wand of flame (15)
             ... on level 3 of the Dungeon on Sept 9, 2019.
             The game lasted 00:03:08 (1707 turns).

Fang the Skirmisher (Gargoyle Berserker)            Turns: 1707, Time: 00:03:09

Health: -3/29      AC: 12    Str: 21    XL:     4   Next: 18%
Magic:  4/4        EV:  8    Int:  8    God:    Trog [**....]
Gold:   79         SH:  0    Dex:  9    Spells: 3/3 levels left

rFire    . . .     SeeInvis .   a - +0 hand axe
rCold    . . .     Gourm    .   (no shield)
rNeg     + . .     Faith    .   b - +0 chain mail
rPois    ∞         Spirit   .   (no helmet)
rElec    +         Reflect  .   (no cloak)
rCorr    .         Harm     .   (no gloves)
MR       .....                  (no boots)
Stlth    ..........             (no amulet)
HPRegen  0.09/turn              (no ring)
MPRegen  0.09/turn              (no ring)

@: confused, berserk cooldown, slowed, very slow
A: negative energy resistance 1, electricity resistance, unbreathing,
petrification resistance, rot immunity, AC +3
a: Berserk, Trog's Hand, Renounce Religion


You were on level 3 of the Dungeon.
You worshipped Trog.
Trog was pleased with you.
You were hungry.

You visited 1 branch of the dungeon, and saw 3 of its levels.

You collected 79 gold pieces.

Inventory:

Hand Weapons
 a - a +0 hand axe (weapon)
Armour
 b - a +0 chain mail (worn)
Scrolls
 d - a scroll of remove curse {unknown}
 e - 5 scrolls of identify {unknown}
 h - a scroll of immolation {unknown}
 j - a scroll of random uselessness {unknown}
 k - a scroll of teleportation {unknown}
 n - a scroll of enchant weapon {unknown}
Potions
 f - a potion of flight {unknown}
 g - 2 potions of curing {unknown}
 i - a potion of agility {unknown}
 m - a potion of brilliance {unknown}
 o - a potion of ambrosia {unknown}
Comestibles
 c - 4 rations
 l - 7 chunks of flesh


   Skills:
 + Level 3.8 Fighting
 + Level 3.2 Axes
 + Level 3.0 Armour
 + Level 2.2 Dodging


You had 3 spell levels left.
You didn't know any spells.
Your spell library was empty.

Dungeon Overview and Level Annotations

Branches:
Dungeon (3/15)

Altars:
Ashenzari
Okawaru
Uskayaw

Annotations:
D:3 Sigmund


Innate Abilities, Weirdness & Mutations

You are resistant to torment.
Your stone body is resilient. (AC +3)
You are immune to poison.
You resist negative energy. (rN+)
You are resistant to electric shocks. (rElec)
You can survive without breathing.
You are immune to petrification.
You are immune to rotting.


Message History

Something hits you.
You miss something.
You hear a zap.
A puff of flame appears from out of thin air!
The puff of flame misses you.
You miss something. Something hits you!
* * * LOW HITPOINT WARNING * * *
You closely miss something. Something hits you but does no damage.
You hit something. Something hits you.
* * * LOW HITPOINT WARNING * * *
Something hits you but does no damage.
You hit something.
Sigmund appears from thin air!
Reactivating autopickup.
Sigmund closely misses you.
You barely miss Sigmund.
Sigmund is moderately wounded.
Sigmund casts a spell at you.
You are confused.
You're too confused to move!
Sigmund zaps a wand.
The puff of flame hits you.
You die...

.##..####.########..#
.###................#
.##...........#####.####
..........(...##.......#
.###.............#####.#
####..........##.#...#.#
...........>..##.#((.#..
####...........#.#####..
#............@@......
.......##...._...#
<..(... #.........
...._....#...##..
#........... #.#......##
.....#.#.# ..##........
... #........


You could see Sigmund and 2 dancing weapons.

Vanquished Creatures
  An adder (D:3)
  An adder skeleton (D:2)
  3 worms
  2 dart slugs
  2 leopard geckos
  A giant cockroach (D:2)
  5 goblins (D:1)
  A hobgoblin (D:1)
  2 jackals (D:2)
  6 kobolds
  A quokka (D:2)
  3 bats (D:1)
  3 frilled lizards
  A jackal skeleton (D:3)
  15 rats
47 creatures vanquished.

Notes
Turn   | Place    | Note
-------+----------+-------------------------------------------
     0 | D:1      | Fang the Gargoyle Berserker began the quest for the Orb.
     0 | D:1      | Reached XP level 1. HP: 14/14 MP: 1/1
   133 | D:1      | Reached XP level 2. HP: 16/19 MP: 2/2
   650 | D:1      | Reached ** piety under Trog
   749 | D:1      | Reached XP level 3. HP: 23/23 MP: 3/3
  1594 | D:3      | Found a shattered altar of Ashenzari.
  1599 | D:3      | Reached XP level 4. HP: 29/29 MP: 4/4
  1680 | D:3      | Noticed a +0 hand axe
  1680 | D:3      | Noticed a +0 dagger
  1681 | D:3      | Found an iron altar of Okawaru.
  1682 | D:3      | Found a hide-covered altar of Uskayaw.
  1682 | D:3      | Noticed Sigmund
  1707 | D:3      | Killed from afar by Sigmund

Skill      XL: |  1  2  3  4 |
---------------+-------------+-----
Axes           | 3 |  3.2
Dodging        | 2 |  2.2
Armour         | 3 |  3.0
Fighting       | |  3.8

Action                   |  1- 3 |  4- 6 || total
-------------------------+-------+-------++-------
Melee: Hand axe          |   156 |    25 ||   181
Invok: Berserk           |       |     1 ||     1
 Stab: Sleeping          |     1 |       ||     1
  Eat: Chunk             |     2 |     1 ||     3
Armor: Animal skin       |    14 |       ||    14
       Chain mail        |    65 |    13 ||    78
Dodge: Dodged            |    86 |     4 ||    90
